 Dungeon Crawl Stone Soup version 0.20-a0 (console) character file.

3299 brucemayne the Cleaver (level 9, -6/64 HPs)
             Began as a Demonspawn Berserker on Oct 27, 2016.
             Was a Priest of Trog.
             Hit by a tomahawk thrown by an orc warrior (16 damage)
             ... on level 10 of the Dungeon.
             The game lasted 00:09:56 (2171 turns).

brucemayne the Cleaver (Demonspawn Berserker)       Turns: 2171, Time: 00:09:57

Health: -6/64      AC: 11    Str: 22    XL:     9   Next: 70%
Magic:  0/9        EV:  8    Int:  8    God:    Trog [***...]
Gold:   191        SH:  0    Dex: 12    Spells: 0 memorised, 8 levels left

rFire  . . .     SeeInvis .     y - +2 hand axe (flame)
rCold  + . .     Gourm    .     v - +0 chain mail
rNeg   . . .     Faith    .     (no shield)
rPois  .         Spirit   +     (helmet restricted)
rElec  .         Reflect  .     (no cloak)
rCorr  .         Harm     .     k - +0 pair of gloves
MR     ++...                    o - +0 pair of boots
Stlth  ..........               (no amulet)
                                (no ring)
                                (no ring)

@: exhausted, regenerating, slowed, very slow
A: horns 1, rugged brown scales 1, cold resistance 1, magic shield
a: Berserk, Trog's Hand, Burn Spellbooks, Renounce Religion


You were on level 10 of the Dungeon.
You worshipped Trog.
Trog was most pleased with you.
You were very hungry.

You visited 1 branch of the dungeon, and saw 10 of its levels.

You collected 191 gold pieces.

Inventory:

Hand Weapons
 a - a +0 hand axe
 y - a +2 hand axe of flaming (weapon)
Missiles
 m - 11 poisoned needles
Armour
 b - a +0 animal skin
 e - a +0 buckler
 f - a +0 leather armour
 g - a +0 scale mail
 k - a +0 pair of gloves (worn)
 o - a +0 pair of boots (worn)
 q - a +0 ring mail
 s - a cursed +0 ring mail
 v - a +0 chain mail (worn)
Jewellery
 p - an uncursed ring of ice
Wands
 A - a wand of acid (4/15)
 B - a wand of polymorph (5/24)
Scrolls
 d - 5 scrolls of identify {unknown}
 h - a scroll of immolation {unknown}
 i - 2 scrolls of magic mapping {unknown}
 j - 4 scrolls of remove curse {unknown}
 w - a scroll of teleportation {unknown}
 x - a scroll of fog {unknown}
 C - a scroll of brand weapon {unknown}
 G - a scroll of blinking {unknown}
Potions
 l - a potion of might
 n - a potion of haste {unknown}
 r - a potion of berserk rage {unknown}
 t - a potion of beneficial mutation {unknown}
 u - a potion of degeneration {unknown}
 z - a potion of curing
Comestibles
 c - 4 bread rations
 D - 13 fruits
 E - 6 slices of pizza
 F - 2 meat rations


   Skills:
 - Level 3.0 Fighting
 + Level 12.5 Axes
 - Level 1.7 Armour
 - Level 1.7 Dodging


You had 8 spell levels left.
You didn't know any spells.

Dungeon Overview and Level Annotations

Branches:
Dungeon (10/15)              Lair (0/6) D:9
 Temple: D:4-7          Orc: D:9-12

Altars:
Trog
Uskayaw
The Shining One

Annotations:
D:3 brucemayne's ghost, weakling DsBe
D:6 Dowan; Duvessa; Sigmund
D:8 Joseph
D:9 exclusion: upstairs


Innate Abilities, Weirdness & Mutations

You have a pair of small horns on your head.
You are partially covered in rugged brown scales. (AC +1, +3% HP)
Your flesh is cold resistant. (rC+)
When hurt, damage is shared between your health and your magic reserves.


Message History

Press: ? - help, v - describe, . - travel, g - get item
Here: an orc warrior, wielding a hand axe and wearing a plate armour (almost dead)
An orc corpse.
The floor.
You feel the effects of Trog's Hand fading.
The orc barely misses you.
You see here a giant spiked club.
Evoke which item? (* to show all) (? for menu, Esc to quit)
Zapping:
A - a wand of acid (will waste charges)
Press: ? - help, Shift-Dir - straight line, f - orc warrior
Aim: an orc warrior, wielding a hand axe and wearing a plate armour (almost dead)
The bolt of acid hits the orc.
The orc is splashed with acid.
The acid corrodes the orc!
You kill the orc!
Trog accepts your kill.
The bolt of acid misses the orc warrior.
Evoking this partially-identified wand wasted a few charges.
You hear a shout! x2
The orc warrior throws a tomahawk.
The tomahawk hits you!
You die...

####
.o.oo##
...oo.)###
#†o)#
###)#
###@##
#...<#
###..#
#..# #..#
#..# #..#
#..# ...#


You could see an orc warrior.

Vanquished Creatures
  A hydra (D:8)
  A komodo dragon (D:9)
  Grinder (D:3)
  2 dream sheep (D:8)
  2 yaks (D:8)
  2 orc warriors (D:10)
  An ice beast (D:6)
  2 ogres
  3 big kobolds
  4 bullfrogs
  A water moccasin zombie (D:8)
  A water moccasin skeleton (D:8)
  2 crimson imps (D:5)
  3 orc priests
  A jelly (D:5)
  2 bullfrog skeletons
  A hound (D:8)
  An orc wizard (D:6)
  An iguana (D:3)
  A killer bee zombie (D:5)
  A hound zombie (D:9)
  2 adders
  A shadow imp (D:9)
  3 oozes
  An adder skeleton (D:4)
  A leopard gecko (D:2)
  12 orcs
  3 bats
  6 giant cockroaches
  5 goblins
  2 hobgoblins (D:2)
  5 jackals
  3 kobolds
  2 quokkas
  A ball python (D:2)
  4 frilled lizards
  4 rats
  A plant (D:9)
90 creatures vanquished.

Vanquished Creatures (others)
  A plant (D:9)
1 creature vanquished.

Grand Total: 91 creatures vanquished

Notes
Turn   | Place    | Note
-------+----------+-------------------------------------------
     0 | D:1      | brucemayne the Demonspawn Berserker began the quest for the Orb.
     0 | D:1      | Reached XP level 1. HP: 18/18 MP: 1/1
    64 | D:1      | Reached skill level 3 in Axes
   111 | D:2      | Gained mutation: You have a pair of small horns on your head. [demonic ancestry]
   111 | D:2      | Reached XP level 2. HP: 18/24 MP: 2/2
   268 | D:2      | Reached ** piety under Trog
   318 | D:1      | Reached XP level 3. HP: 9/29 MP: 3/3
   495 | D:3      | Noticed brucemayne's ghost (weakling DsBe)
   636 | D:3      | Reached skill level 4 in Axes
   749 | D:4      | Noticed an ogre
   754 | D:4      | Killed an ogre
   754 | D:4      | Reached skill level 5 in Axes
   754 | D:4      | Reached XP level 4. HP: 35/35 MP: 4/4
   754 | D:4      | Gained mutation: You are partially covered in rugged brown scales. (AC +1, +3% HP) [demonic ancestry]
   754 | D:4      | Reached XP level 5. HP: 42/42 MP: 5/5
   768 | D:4      | Found a glowing golden altar of the Shining One.
   794 | D:4      | Noticed a phantom
   915 | D:4      | Found a bloodstained altar of Trog.
   937 | D:3      | Noticed Grinder
   951 | D:3      | Killed Grinder
   951 | D:3      | Reached skill level 6 in Axes
   951 | D:3      | Gained mutation: When hurt, damage is shared between your health and your magic reserves. [demonic ancestry]
   951 | D:3      | Reached XP level 6. HP: 16/48 MP: 6/6
   994 | D:3      | You fall through a shaft for 2 floors!
   994 | D:5      | Entered Level 5 of the Dungeon
  1074 | D:5      | Reached skill level 7 in Axes
  1188 | D:5      | Reached XP level 7. HP: 48/53 MP: 5/7
  1229 | D:6      | Noticed Dowan
  1232 | D:6      | Noticed Duvessa
  1335 | D:6      | Noticed Sigmund
  1337 | D:6      | Reached skill level 8 in Axes
  1452 | D:8      | Noticed a yak
  1453 | D:8      | Noticed a dream sheep
  1453 | D:8      | Noticed a dream sheep
  1521 | D:8      | Killed a yak
  1521 | D:8      | Reached skill level 9 in Axes
  1521 | D:8      | Reached XP level 8. HP: 59/59 MP: 5/8
  1595 | D:8      | Killed a dream sheep
  1597 | D:8      | Reached skill level 10 in Axes
  1655 | D:8      | Reached *** piety under Trog
  1680 | D:8      | Found a hide-covered altar of Uskayaw.
  1764 | D:8      | Killed a dream sheep
  1794 | D:8      | Noticed a three-headed hydra
  1801 | D:8      | Killed a one-headed hydra
  1801 | D:8      | Reached skill level 11 in Axes
  1801 | D:8      | Gained mutation: Your flesh is cold resistant. (rC+) [demonic ancestry]
  1801 | D:8      | Reached XP level 9. HP: 64/64 MP: 7/9
  1852 | D:8      | Noticed Joseph
  1966 | D:10     | Entered Level 10 of the Dungeon
  2046 | D:9      | Found a staircase to the Lair.
  2047 | D:9      | Noticed a komodo dragon
  2066 | D:9      | Killed a komodo dragon
  2066 | D:9      | Reached skill level 12 in Axes
  2171 | D:10     | Hit by a tomahawk thrown by an orc warrior

Vault maps used:
D:1:      dpeg_arrival_arbitrary_b, minivault_11
D:2:      hangedman_ru_absence, first_bread
D:3:      portal_sewer_entry_b, uniq_grinder
D:4:      overflow_temple_1_default, grunt_temple_overflow_cloverleaf,
          nicolae_tso_swordbearing_angel
D:6:      marbit_many_paths, nicolae_dithmenos_through_a_glass_darkly,
          lemuel_blue_sif_altar, vehumet_altar_wand_db,
          minmay_misc_feat_pillars, uniq_sigmund, uniq_duvessa, uniq_menkaure
D:8:      kennysheep_mini, serial_shops, nicolae_shop_stone, hangedman_ranch,
          uniq_joseph
D:9:      david_lair_shrubbed
D:10:     david_orc_4, special_room

Skill      XL: |  1  2  3  4  5  6  7  8  9 |
---------------+----------------------------+-----
Axes           | 3 5 6 7 9 11 12 | 12.5
Fighting       | |  3.0
Armour         | |  1.7
Dodging        | |  1.7

Action                   |  1- 3 |  4- 6 |  7- 9 || total
-------------------------+-------+-------+-------++-------
Melee: Hand axe          |    95 |    66 |   152 ||   313
       Headbutt          |    16 |    15 |    35 ||    66
Invok: Berserk           |     2 |     3 |     8 ||    13
       Trog's Hand       |       |     3 |     2 ||     5
Evoke: Wand              |       |       |     1 ||     1
  Use: Potion            |       |     3 |       ||     3
 Stab: Sleeping          |     1 |     1 |       ||     2
  Eat: Chunk             |       |     3 |     2 ||     5
       Meat ration       |       |     1 |       ||     1
       Beef jerky        |       |     1 |       ||     1
       Bread ration      |       |       |     1 ||     1
       Fruit             |       |       |     1 ||     1
Armor: Animal skin       |     9 |       |       ||     9
       Leather armour    |    15 |       |       ||    15
       Ring mail         |    21 |     7 |       ||    28
       Scale mail        |       |    25 |     5 ||    30
       Chain mail        |       |       |    59 ||    59
Dodge: Dodged            |    78 |    25 |    57 ||   160
